 Dungeon Crawl Stone Soup version 0.24-a0-584-g9d6b971ae4 (webtiles) character file.

Game seed: 10149729702098155513, levelgen mode: deterministic

7 BaffledPanda the Ruffian (level 2, 0/26 HPs)
             Began as a Ghoul Monk on Sept 4, 2019.
             Slain by a kobold (1 damage)
             ... on level 1 of the Dungeon.
             The game lasted 00:01:44 (168 turns).

BaffledPanda the Ruffian (Ghoul Monk)                Turns: 168, Time: 00:01:44

Health: 0/26       AC:  2    Str: 14    XL:     2   Next: 4%
Magic:  1/1        EV: 13    Int:  5    God:
Gold:   14         SH:  0    Dex: 11    Spells: 1/1 levels left

rFire    . . .     SeeInvis .     - Unarmed
rCold    + . .     Gourm    .   (no shield)
rNeg     + + +     Faith    .   d - +0 robe
rPois    ∞         Spirit   .   (no helmet)
rElec    .         Reflect  .   (no cloak)
rCorr    .         Harm     .   (no gloves)
MR       .....                  (no boots)
Stlth    ++........             (no amulet)
HPRegen  0.00/turn              (no ring)
MPRegen  0.07/turn              (no ring)

@: flying, rotting
A: rotting body, claws 1, carnivore, cold resistance 1, negative energy
resistance 3, inhibited regeneration, torment resistance, unbreathing
a: no special abilities


You were on level 1 of the Dungeon.
You were not hungry.

You visited 1 branch of the dungeon, and saw 1 of its levels.

You collected 14 gold pieces.

Inventory:

Armour
 d - a +0 robe (worn)
Scrolls
 c - a scroll of teleportation {unknown}
 e - a scroll of blinking {unknown}
 f - a scroll of fear {unknown}
Comestibles
 a - 5 chunks of flesh
 b - 2 rations


   Skills:
 + Level 3.3 Fighting
 + Level 3.0 Dodging
 + Level 2.3 Stealth
 + Level 3.3 Unarmed Combat


You had one spell level left.
You didn't know any spells.
Your spell library was empty.

Dungeon Overview and Level Annotations

Branches:
Dungeon (1/15)

Altars:


Innate Abilities, Weirdness & Mutations

Your body is rotting away.
You thrive on raw meat.
You are immune to poison.
You have sharp fingernails.
You are carnivorous and can eat meat at any time.
Your flesh is cold resistant. (rC+)
You are immune to negative energy. (rN+++)
You do not regenerate when monsters are visible.
You are immune to unholy pain and torment.
You can survive without breathing.


Message History

The jackal is heavily wounded.
The jackal bites you.
* * * LOW HITPOINT WARNING * * *
The jackal closely misses you.
You scratch the jackal.
You kill the jackal!
Your Dodging skill increases to level 3!
It was a potion of flight.
You feel very buoyant.
You fly up into the air.
You scratch the jackal but do no damage.
The jackal misses you. The jackal barely misses you.
You closely miss the jackal. The jackal barely misses you.
You barely miss the jackal. The jackal misses you.
The jackal barely misses you.
You claw the jackal!
You kill the jackal!
You have reached level 2!
The kobold hits you.
You die...

##......#
##..####.##.#..
#......#
#.##.≈.##.#.#..
..########...#..#
#.#.###.#.#.#..
.............#..#
#.#.#<#.#.#.#..
.............#..#
#.#.#.#.#.#.#..
..#######....#..#
#.##...##.#.#..
#.......#
##.#####.##.#..
#.##.#..##
##.....##.##..
...##.#..@##
#######
..#..##.#..K.##
##
##....#.....####
####.#.÷.......
#.#..(......
#...)....###
............#
#####..####....
#... ##..


You could see a kobold.

Vanquished Creatures
  A ball python (D:1)
  A hobgoblin (D:1)
  2 jackals (D:1)
  A bat (D:1)
  2 kobolds (D:1)
7 creatures vanquished.

Notes
Turn   | Place    | Note
-------+----------+-------------------------------------------
     0 | D:1      | BaffledPanda the Ghoul Monk began the quest for the Orb.
     0 | D:1      | Reached XP level 1. HP: 19/19 MP: 0/0
   167 | D:1      | Reached XP level 2. HP: 1/26 MP: 1/1
   168 | D:1      | Slain by a kobold

Levels and vault maps discovered:
D:1:      evilmike_arrival_rings, layout_rooms, kennysheep_nondescript

Skill      XL: |  1 |
---------------+----+-----
Dodging        | 3 |  3.0
Fighting       | |  3.3
Stealth        | |  2.3
Unarmed Combat | |  3.3

Action                   || total
-------------------------++-------
Melee: Unarmed           ||    27
  Use: Potion            ||     1
  Eat: Chunk             ||     2
Armor: Robe              ||     6
Dodge: Dodged            ||    28

Table legend:
 A = Non-vault XP
 B = Vault XP
 C = Vault XP percentage of total XP
 D = Non-vault monster count
 E = Vault monster count
 F = Vault count percentage of total count
                 A         B        C        D         E       F
            +---------+---------+-------+---------+---------+-------
      Total |      11 |       0 |   0.0 |       7 |       0 |   0.0
            +---------+---------+-------+---------+---------+-------
        D:1 |      11 |       0 |   0.0 |       7 |       0 |   0.0
            +---------+---------+-------+---------+---------+-------
